 Dungeon Crawl Stone Soup version 0.28-a0-863-g8cecda6153 (webtiles) character file.

Game seed: 6602176923264603385

350 kae the Insei (level 6, -1/60 HPs)
             Began as a Draconian Transmuter on Nov 19, 2021.
             Succumbed to Duvessa's poison
             ... on level 3 of the Dungeon.
             The game lasted 00:03:32 (5121 turns).

kae the Insei (Draconian Transmuter)                Turns: 5121, Time: 00:03:33

Health: -1/60      AC:  5    Str: 12    XL:     6   Next: 33%
Magic:  10/10      EV: 14    Int: 15    God:
Gold:   997        SH:  0    Dex: 12    Spells: 2/10 levels left

rFire   x . .      SeeInvis .     - Unarmed
rCold   + + +      Faith    .   (shield currently unavailable)
rNeg    . . .      Spirit   .   (armour unavailable)
rPois   +          Reflect  .   (helmet currently unavailable)
rElec   .          Harm     .   (cloak currently unavailable)
rCorr   .          Rampage  .   (gloves currently unavailable)
Will    .....                   (boots currently unavailable)
Stlth   +.........              i - amulet of magic regeneration
HPRegen 0.20/turn               j - +4 ring of evasion
MPRegen 0.37/turn               (no ring)

@: lethally poisoned (-1 -> -30), ice-form, very slightly contaminated
A: freezing attack, amphibious, boosted hp, AC +6, large, unfitting armour,
(cold-blooded)
a: End Transformation


You were on level 3 of the Dungeon.
You were a creature of crystalline ice.
You visited 1 branch of the dungeon, and saw 4 of its levels.

You collected 997 gold pieces.

Inventory:

Missiles
 f - a throwing net
Armour
 e - a +0 pair of boots
Jewellery
 i - an amulet of magic regeneration (around neck)
 j - a +4 ring of evasion (left front paw)
Scrolls
 c - a scroll of magic mapping
 g - a scroll of identify
Potions
 a - a potion of ambrosia
 b - 3 potions of curing
 d - a potion of attraction {unknown}
 h - 2 potions of flight {unknown}


   Skills:
 + Level 2.7 Fighting
 + Level 2.8 Dodging
 * Level 4.5 Unarmed Combat
 + Level 2.9 Spellcasting
 + Level 3.0 Transmutations
 * Level 0.7 Ice Magic
 - Level 2.0 Poison Magic


You had 2 spell levels left.
You knew the following spells:

 Your Spells              Type           Power      Damage    Failure   Level
a - Beastly Appendage     Tmut           22%        N/A       6%          1
b - Spider Form           Tmut/Pois      9%         N/A       22%         3
c - Ice Form              Ice/Tmut       7%         N/A       67%         4

Your spell library contained the following spells:

 Spells                   Type           Power      Damage    Failure   Level
 Wereblood                Tmut           11%        N/A       9%          2
 Freeze                   Ice            16%        1d4       16%         1
 Frozen Ramparts          Ice            8%         1d2       41%         3
 Hailstorm                Conj/Ice       3%         3d3       86%         4


Dungeon Overview and Level Annotations

Branches:
Dungeon (4/15)
 Temple: D:4-7

Altars:
Xom

Shops:
D:2 (

Annotations:
D:3 Duvessa, Terence


Innate Abilities, Weirdness & Mutations

You are a creature of crystalline ice.
You have a powerful freezing melee attack.
You are amphibious.
Your maximum health is increased.
Your armour is entirely melded.
You are incapable of wielding weapons or throwing items.
((Your plain brown scales are hard. (AC +6)))
You cannot fit into any form of body armour.
((You are cold-blooded and may be slowed by cold attacks.))


Message History

Confirm with . or Enter, or press ? or * to list all spells.
The spell is extremely dangerous to cast (67% risk of failure)!
Continue anyway? [Y]es or [N]o only, please.
The spell is extremely dangerous to cast (67% risk of failure)!
Continue anyway?
You miscast Ice Form.
You are very lightly contaminated with residual magic.
Your limbs ache and wobble like jelly.
You start resting.
Magic restored.
Casting: Ice Form (extremely dangerous; 67% risk of failure)
Confirm with . or Enter, or press ? or * to list all spells.
The spell is extremely dangerous to cast (67% risk of failure)!
Continue anyway? [Y]es or [N]o only, please.
The spell is extremely dangerous to cast (67% risk of failure)!
Continue anyway?
You turn into a creature of crystalline ice.
You climb downwards.
Level annotation: Duvessa
There is a stone staircase leading up, spattered with blood here.
You start resting.
You hear a shout! x2
Magic restored.
Duvessa rages.
An endoplasm comes into view.
The endoplasm quivers.
There is a stone staircase leading up, spattered with blood here.
You punch Duvessa! You freeze Duvessa.
Duvessa is lightly wounded.
Duvessa completely misses you.
You punch Duvessa! You freeze Duvessa.
Duvessa is heavily wounded.
Duvessa hits you with a +5 short sword of venom!
You are poisoned.
You feel very sick.
Duvessa hits you with a +5 short sword of venom!
Duvessa hits you with a +5 short sword of venom!!
* * * LOW HITPOINT WARNING * * *
You are more poisoned.
You climb upwards.
Level annotation: Terence You die...

#.........# #...............
#.........####...............
#.........##...............).
#.............###.....####...
#......#####..# #.....#######
#......#......# #............
######.#.##...# #.....######.
#.#.#....##############'
#.#....Y................
#.###.e.................
####.......................
#..........#######...######
#..........# #...'.'..#
#..........# #...###...
#..........# ###...###...
#..........# #.....+J+._.
####.####### #.#...###...


You could see Duvessa (berserk).

Vanquished Creatures
  Sigmund (D:3)
  Dowan (D:4)
  A jelly (D:3)
  Jessica (D:3)
  3 adders
  3 worms
  2 dart slugs
  2 endoplasms
  A giant cockroach (D:1)
  7 goblins
  4 hobgoblins
  An iguana (D:3)
  2 jackals (D:2)
  3 quokkas
  7 ball pythons
  A bat (D:2)
  A frilled lizard (D:1)
  4 kobolds
  5 rats
50 creatures vanquished.

Notes
Turn   | Place    | Note
-------+----------+-------------------------------------------
     0 | D:1      | kae the Draconian Transmuter began the quest for the Orb.
     0 | D:1      | Reached XP level 1. HP: 16/16 MP: 3/3
   399 | D:1      | Reached XP level 2. HP: 23/23 MP: 3/5
  1511 | D:2      | Reached XP level 3. HP: 28/29 MP: 4/6
  1666 | D:2      | Found Bik Afos's Antique Weapon Boutique.
  2014 | D:2      | Learned a level 3 spell: Spider Form
  2273 | D:3      | Noticed Terence
  2505 | D:3      | Noticed Sigmund
  2678 | D:3      | Killed Sigmund
  2679 | D:3      | Reached skill level 4 in Unarmed Combat
  2679 | D:3      | Reached skill level 1 in Poison Magic
  2679 | D:3      | Reached XP level 4. HP: 23/37 MP: 4/8
  2679 | D:3      | Reached XP level 5. HP: 27/42 MP: 4/9
  2990 | D:3      | Noticed Jessica
  3003 | D:3      | Killed Jessica
  3330 | D:3      | Found a shimmering altar of Xom.
  3442 | D:3      | Reached XP level 6. HP: 48/50 MP: 6/10
  3447 | D:3      | Learned a level 4 spell: Ice Form
  3641 | D:3      | Identified a scroll of acquirement
  3641 | D:3      | Acquired 945 gold pieces
  3735 | D:4      | Noticed an ice beast
  3877 | D:4      | Noticed Duvessa
  4401 | D:4      | Noticed Dowan
  4422 | D:4      | Killed Dowan
  5121 | D:3      | Succumbed to Duvessa's poison

Illustrated notes

Levels and vault maps discovered:
D:1:      ebering_trefoil_twist, layout_basic, chequers_hall_statues_corner_a,
          chequers_serial_rivers_micro_b
D:2:      layout_loops_ring, serial_shops, nicolae_shop_overgrown_old_shop
D:3:      layout_basic, dk_xom_monty_hall, uniq_terence, uniq_sigmund,
          uniq_jessica
D:4:      layout_basic, minmay_temple_entry_statues_pillars,
          kennysheep_opposing_triangles, uniq_blork_the_orc, uniq_duvessa

Skill      XL: |  1  2  3  4  5  6 |
---------------+-------------------+-----
Dodging        | 2 |  2.8
Fighting       | 2 |  2.7
Unarmed Combat | 4 |  4.5
Poison Magic   | 1 2 |  2.0
Transmutations | 3 |  3.0
Spellcasting   | |  2.9
Ice Magic      | |  0.7

Action                   |  1- 3 |  4- 6 || total
-------------------------+-------+-------++-------
Melee: Unarmed           |    97 |    54 ||   151
       Tailslap          |     9 |     6 ||    15
       Kick              |     7 |     4 ||    11
       Headbutt          |     9 |       ||     9
 Cast: Beastly Appendage |    21 |     9 ||    30
       Spider Form       |     2 |     8 ||    10
       Ice Form          |       |     1 ||     1
  Use: Scroll            |     3 |     3 ||     6
 Stab: Sleeping          |       |     2 ||     2
Armor: Skin              |    31 |    10 ||    41
Dodge: Dodged            |    68 |    57 ||   125

Table legend: (Time is in decaauts)
 A = Elapsed time spent in this place.
 B = Non-inter-level travel time spent in this place.
 C = Inter-level travel time spent in this place.
 D = Time resting spent in this place.
 E = Time spent auto-exploring this place.
 F = Levels seen in this place.
 G = Mean time per level.
                   A        B        C        D        E       F      G
               +--------+--------+--------+--------+--------+-----+--------+
         Total |   5121 |   4832 |    289 |   1262 |   2970 |   4 | 1280.2 |
       Dungeon |   5121 |   4832 |    289 |   1262 |   2970 |   4 | 1280.2 |
               +--------+--------+--------+--------+--------+-----+--------+

Top non-repeatable levels by time:
     D:3: 1908 daAuts
     D:1: 1344 daAuts
     D:2: 1190 daAuts
     D:4: 677 daAuts
